St.Louis Blues vs Chicago Black Hawks
Created - Sunday, March 9, 2025 at 10:23
Goals
|
| St.Louis Blues |
1 |
0 |
2 |
3 |
| Chicago Black Hawks |
0 |
0 |
1 |
1 |
|
Shots
|
| St.Louis Blues |
15 |
11 |
11 |
37 |
| Chicago Black Hawks |
9 |
13 |
5 |
27 |
|
1st period
1. St.Louis Blues , Logan O'Connor 4 (Dakota Joshua 2) at 13:51
Penalties :
Claude Giroux (CHI) for Holding (Minor) at 11:38
2nd period
No Goal
Penalties :
Jake Sanderson (STL) for Hooking (Minor) at 0:09
3rd period
2. St.Louis Blues , Jack Eichel 13 (Dakota Joshua 3) at 10:11 (PP)
3. St.Louis Blues , Elias Pettersson 6 (Jack Eichel 16) at 12:42 (PP)
4. Chicago Black Hawks , Brett Howden 1 (Dante Fabbro 1, Barrett Hayton 7) at 15:19
Penalties :
Jake Sanderson (STL) for Interference (Minor) at 2:24, Vincent Desharnais (CHI) for Attempt to injure (Major / Game Misconduct) at 7:57, Brayden Point (STL) for Holding (Minor) at 10:17
Goalie Stats
Connor Hellebuyck (STL), 26 saves from 27 shots - (0.963), W, 10-5-3, 60:00 minutes
Alexandar Georgiev (CHI), 34 saves from 37 shots - (0.919), L, 6-7-0, 60:00 minutes
Players Stats for St.Louis Blues
Player Name G A P +/- PIM S H SB GA TA FO MP PP MP PK MP
------------------------------------------------------------------------------------
Alex Pietrangelo 0 0 0 1 0 1 0 2 0 2 0/0 22:35 0:00 0:00
Alex Tuch 0 0 0 0 0 2 0 0 1 0 0/1 16:43 2:02 1:53
Brandon Hagel 0 0 0 0 0 1 3 1 0 0 0/2 16:15 1:55 0:00
Brayden Point 0 0 0 0 2 3 0 0 2 1 0/1 16:28 2:52 0:00
Colton Parayko 0 0 0 1 0 3 1 3 0 0 0/0 25:09 0:16 2:35
Dakota Joshua 0 2 2 0 0 1 2 0 0 0 0/0 5:47 0:11 0:00
Elias Lindholm 0 0 0 0 0 2 3 0 0 0 7/12 15:49 1:55 1:53
Elias Pettersson 1 0 1 0 0 4 2 0 2 2 1/1 21:10 3:13 0:01
Jaccob Slavin 0 0 0 0 0 0 0 1 0 2 0/0 18:22 0:00 2:28
Jack Eichel 1 1 2 0 0 5 3 0 1 1 9/23 21:29 2:57 0:00
Jake Guentzel 0 0 0 0 0 2 0 0 0 0 0/4 21:05 2:37 0:00
Jake Sanderson 0 0 0 0 4 0 1 2 0 1 0/0 17:13 0:11 0:00
Lars Eller 0 0 0 0 0 4 1 0 0 0 3/3 7:40 0:00 2:04
Logan O'Connor 1 0 1 0 0 3 0 0 1 0 0/0 7:51 0:11 2:04
Mark Stone 0 0 0 0 0 2 0 0 1 0 0/0 13:45 1:55 0:00
Mikhail Sergachev 0 0 0 -1 0 0 1 2 0 1 0/0 15:26 2:02 1:01
Nick Leddy 0 0 0 -1 0 0 0 0 0 0 0/0 14:05 0:00 1:52
Robert Thomas 0 0 0 0 0 4 0 0 0 0 7/14 17:08 2:37 0:01
Players Stats for Chicago Black Hawks
Player Name G A P +/- PIM S H SB GA TA FO MP PP MP PK MP
------------------------------------------------------------------------------------
Barrett Hayton 0 1 1 1 0 2 2 0 0 0 4/12 12:55 0:00 0:09
Brett Howden 1 0 1 1 0 2 0 1 0 0 0/0 12:42 0:00 0:12
Caleb Jones 0 0 0 0 0 0 1 1 0 0 0/0 15:15 0:00 0:00
Claude Giroux 0 0 0 0 2 0 2 1 0 1 1/1 19:32 2:09 1:22
Cole Sillinger 0 0 0 0 0 3 3 0 1 0 13/18 18:22 1:49 2:08
Dante Fabbro 0 1 1 1 0 2 1 0 1 0 0/0 27:10 1:59 2:12
Dmitri Voronkov 0 0 0 -1 0 1 0 0 2 0 0/0 7:58 0:00 0:00
Jack Drury 0 0 0 -1 0 2 0 0 0 0 1/3 8:15 0:00 0:09
Jon Merrill 0 0 0 -1 0 0 0 1 0 0 0/0 14:39 0:00 1:15
Joseph Veleno 0 0 0 0 0 2 2 0 2 1 2/2 15:21 1:49 0:00
Josh Doan 0 0 0 1 0 2 2 0 2 0 0/2 14:08 0:00 1:08
Lucas Raymond 0 0 0 0 0 1 1 0 1 2 0/2 19:56 2:09 2:20
Noah Cates 0 0 0 -1 0 1 0 0 0 0 0/0 7:50 0:00 0:00
Robert Bortuzzo 0 0 0 0 0 0 0 1 0 3 0/0 20:52 1:59 2:47
Sidney Crosby 0 0 0 0 0 4 0 0 0 0 11/18 20:41 2:09 2:30
Tyson Foerster 0 0 0 0 0 2 1 1 1 0 2/3 15:21 1:49 0:00
Urho Vaakanainen 0 0 0 0 0 2 1 1 0 0 0/0 21:13 1:59 2:47
Vincent Desharnais 0 0 0 0 15 1 1 0 0 1 0/0 20:50 1:59 0:57
3 Stars
1 - Jack Eichel (STL)
2 - Connor Hellebuyck (STL)
3 - Elias Pettersson (STL)
Power Play
St.Louis Blues - 2 on 4 Attempt(s) - 50.00%
Chicago Black Hawks - 0 on 3 Attempt(s) - 0.00%
Penalty Kill
St.Louis Blues - 3 on 3 Attempt(s) - 100.00%
- Score 0 goal in Penalty Kill
Chicago Black Hawks - 2 on 4 Attempt(s) - 50.00%
- Score 0 goal in Penalty Kill
Team Stat
St.Louis Blues - Hits : 17 - Faceoff Wins : 27 - Blocked Shots : 11 - Penalty Minutes : 6
Chicago Black Hawks - Hits : 17 - Faceoff Wins : 34 - Blocked Shots : 7 - Penalty Minutes : 17
Official
Referees : Gord Dwyer and Carter Sandlak
Linesman : Bryan Pancich and Brad Kovachik
Game Notes
Vincent Desharnais (CHI) for Attempt to injure (Major / Game Misconduct) at 7:57
Vincent Desharnais ejected from game at 7:57 of 3rd period
Finance
Level 1 -- Attendance: 4834 (80.57%) -- Ticket Income $483,400
Level 2 -- Attendance: 3500 (70.00%) -- Ticket Income $210,000
Level 3 -- Attendance: 2515 (83.83%) -- Ticket Income $88,025
Level 4 -- Attendance: 3500 (70.00%) -- Ticket Income $87,500
Luxury Box -- Attendance: 753 (75.30%) -- Ticket Income $150,600
Game was played at the United Center.
Total Attendance: 15102 (75.51%)
Total Ticket Income: $1,019,525
Other Income: $356,834
Total Income: $1,376,359
St.Louis Blues
5 vs 5 Forward
Center Left Wing Right Wing Time % Phy DF OF
1 Jack Eichel Elias Pettersson Jake Guentzel 40 0 2 3
2 Robert Thomas Brandon Hagel Brayden Point 31 0 2 3
3 Elias Lindholm Alex Tuch Mark Stone 22 0 3 2
4 Lars Eller Dakota Joshua Logan O'Connor 7 1 2 2
5 vs 5 Defense
Defense Defense Time % Phy DF OF
1 Colton Parayko Alex Pietrangelo 45 1 2 2
2 Jake Sanderson Jaccob Slavin 35 1 2 2
3 Mikhail Sergachev Nick Leddy 20 1 2 2
4 Colton Parayko Alex Pietrangelo 0 1 2 2
PowerPlay Forward
Center Left Wing Right Wing Time % Phy DF OF
1 Robert Thomas Brayden Point Jake Guentzel 60 1 0 4
2 Elias Lindholm Brandon Hagel Mark Stone 40 1 0 4
PowerPlay Defense
Defense Defense Time % Phy DF OF
1 Jack Eichel Elias Pettersson 60 0 1 4
2 Alex Tuch Mikhail Sergachev 40 0 1 4
Penalty Kill 4 Players Forward
Center Wing Time % Phy DF OF
1 Lars Eller Logan O'Connor 50 1 4 0
2 Elias Lindholm Alex Tuch 50 1 4 0
Penalty Kill 4 Players Defense
Defense Defense Time % Phy DF OF
1 Jake Sanderson Colton Parayko 50 1 4 0
2 Jaccob Slavin Nick Leddy 50 1 4 0
Penalty Kill - 3 Players Forward
Forward Time % Phy DF OF
1 Elias Lindholm 50 0 5 0
2 Lars Eller 50 0 5 0
Penalty Kill - 3 Players Defense
Defense Defense Time % Phy DF OF
1 Jake Sanderson Colton Parayko 50 0 5 0
2 Nick Leddy Alex Pietrangelo 50 0 5 0
4 vs 4 Forward
Center Wing Time % Phy DF OF
1 Jack Eichel Jake Guentzel 50 0 2 3
2 Robert Thomas Brayden Point 50 0 2 3
4 vs 4 Defense
Defense Defense Time % Phy DF OF
1 Jake Sanderson Alex Pietrangelo 50 0 3 2
2 Colton Parayko Mikhail Sergachev 50 0 3 2
Last Minutes Offensive
Center Left Wing Right Wing Defense Defense
Robert Thomas Elias Pettersson Jake Guentzel Brayden Point Jack Eichel
Last Minutes Defensive
Center Left Wing Right Wing Defense Defense
Elias Lindholm Logan O'Connor Robert Thomas Jake Sanderson Colton Parayko
Goaltenders
Starting : Connor Hellebuyck
Backup : Scott Wedgewood
Extra Forwards
Normal : Brandon Hagel, Mark Stone, Alex Tuch - PP : Brandon Hagel, Dakota Joshua - PK : Robert Thomas
Extra Defensemen
Normal : Jake Sanderson, Mikhail Sergachev, Colton Parayko - PP : Mikhail Sergachev - PK : Jaccob Slavin, Nick Leddy
Penalty Shots
Elias Pettersson, Jack Eichel, Alex Tuch, Robert Thomas, Jake Guentzel
Scratches
Jack Roslovic (Healthy), Adam Pelech (Healthy)
Chicago Black Hawks
5 vs 5 Forward
Center Left Wing Right Wing Time % Phy DF OF
1 Sidney Crosby Lucas Raymond Claude Giroux 30 1 2 2
2 Cole Sillinger Joseph Veleno Tyson Foerster 30 1 2 2
3 Barrett Hayton Brett Howden Josh Doan 25 1 2 2
4 Jack Drury Noah Cates Dmitri Voronkov 15 1 2 2
5 vs 5 Defense
Defense Defense Time % Phy DF OF
1 Dante Fabbro Vincent Desharnais 30 1 2 2
2 Urho Vaakanainen Robert Bortuzzo 30 1 2 2
3 Caleb Jones Jon Merrill 25 1 2 2
4 Dante Fabbro Vincent Desharnais 15 1 2 2
PowerPlay Forward
Center Left Wing Right Wing Time % Phy DF OF
1 Sidney Crosby Lucas Raymond Claude Giroux 50 1 2 2
2 Cole Sillinger Joseph Veleno Tyson Foerster 50 1 2 2
PowerPlay Defense
Defense Defense Time % Phy DF OF
1 Dante Fabbro Vincent Desharnais 50 1 2 2
2 Urho Vaakanainen Robert Bortuzzo 50 1 2 2
Penalty Kill 4 Players Forward
Center Wing Time % Phy DF OF
1 Sidney Crosby Claude Giroux 50 1 2 2
2 Lucas Raymond Cole Sillinger 50 1 2 2
Penalty Kill 4 Players Defense
Defense Defense Time % Phy DF OF
1 Dante Fabbro Vincent Desharnais 50 1 2 2
2 Urho Vaakanainen Robert Bortuzzo 50 1 2 2
Penalty Kill - 3 Players Forward
Forward Time % Phy DF OF
1 Sidney Crosby 50 1 2 2
2 Claude Giroux 50 1 2 2
Penalty Kill - 3 Players Defense
Defense Defense Time % Phy DF OF
1 Dante Fabbro Vincent Desharnais 50 1 2 2
2 Urho Vaakanainen Robert Bortuzzo 50 1 2 2
4 vs 4 Forward
Center Wing Time % Phy DF OF
1 Sidney Crosby Claude Giroux 50 1 2 2
2 Lucas Raymond Cole Sillinger 50 1 2 2
4 vs 4 Defense
Defense Defense Time % Phy DF OF
1 Dante Fabbro Vincent Desharnais 50 1 2 2
2 Urho Vaakanainen Robert Bortuzzo 50 1 2 2
Last Minutes Offensive
Center Left Wing Right Wing Defense Defense
Sidney Crosby Lucas Raymond Claude Giroux Dante Fabbro Vincent Desharnais
Last Minutes Defensive
Center Left Wing Right Wing Defense Defense
Sidney Crosby Lucas Raymond Claude Giroux Dante Fabbro Vincent Desharnais
Goaltenders
Starting : Alexandar Georgiev
Backup : Adin Hill
Extra Forwards
Normal : Barrett Hayton, Jack Drury, Josh Doan - PP : Barrett Hayton, Jack Drury - PK : Josh Doan
Extra Defensemen
Normal : Caleb Jones, Jon Merrill, Urho Vaakanainen - PP : Caleb Jones - PK : Jon Merrill, Urho Vaakanainen
Penalty Shots
Sidney Crosby, Claude Giroux, Lucas Raymond, Cole Sillinger, Tyson Foerster
Scratches
Oliver Wahlstrom (Healthy), Logan Mailloux (Healthy), Bobby Brink (Healthy), Jakob Pelletier (Healthy), Filip Gustavsson (Healthy)
% Time on Ice - St.Louis Blues
Lines # - Real PCT - Wanted PCT - Time Play
Normal Forward
1 - 37% - 40% - 18:07
2 - 29% - 31% - 14:18
3 - 23% - 22% - 11:03
4 - 11% - 7% - 5:36
Normal Defense
1 - 44% - 45% - 21:40
2 - 33% - 35% - 16:04
3 - 23% - 20% - 11:20
4 - 0% - 0% - 0:00
PP Forward
1 - 56% - 60% - 2:48
2 - 44% - 40% - 2:11
PP Defense
1 - 59% - 60% - 2:57
2 - 41% - 40% - 2:02
PK Forward
1 - 53% - 50% - 2:05
2 - 47% - 50% - 1:53
PK Defense
1 - 67% - 50% - 2:39
2 - 33% - 50% - 1:19
PK3 Forward
1 - 0% - 50%
2 - 0% - 50%
PK3 Defense
1 - 0% - 50%
2 - 0% - 50%
44 Forward
1 - 39% - 50% - 0:46
2 - 61% - 50% - 1:13
44 Defense
1 - 57% - 50% - 1:08
2 - 43% - 50% - 0:51
Last Minute Offensive - 0:00
Last Minute Defensive - 0:00
Total
Forward - 60:00
Defense - 60:00
|
% Time on Ice - Chicago Black Hawks
Lines # - Real PCT - Wanted PCT - Time Play
Normal Forward
1 - 31% - 30% - 15:12
2 - 28% - 30% - 13:32
3 - 25% - 25% - 12:30
4 - 16% - 15% - 7:50
Normal Defense
1 - 32% - 30% - 15:37
2 - 31% - 30% - 15:04
3 - 24% - 25% - 11:46
4 - 13% - 15% - 6:37
PP Forward
1 - 54% - 50% - 2:09
2 - 46% - 50% - 1:49
PP Defense
1 - 50% - 50% - 1:59
2 - 50% - 50% - 1:59
PK Forward
1 - 57% - 50% - 2:51
2 - 43% - 50% - 2:08
PK Defense
1 - 44% - 50% - 2:12
2 - 56% - 50% - 2:47
PK3 Forward
1 - 0% - 50%
2 - 0% - 50%
PK3 Defense
1 - 0% - 50%
2 - 0% - 50%
44 Forward
1 - 55% - 50% - 1:06
2 - 45% - 50% - 0:53
44 Defense
1 - 69% - 50% - 1:22
2 - 31% - 50% - 0:37
Last Minute Offensive - 0:00
Last Minute Defensive - 0:00
Total
Forward - 60:00
Defense - 60:00
|
Play-by-Play
1st period
0:01 of 1st period - Sidney Crosby wins face-off versus Jake Guentzel in neutral zone.
0:12 of 1st period - Snap shot by Sidney Crosby.
0:12 of 1st period - Stopped by Connor Hellebuyck without a rebound.
0:13 of 1st period - Cole Sillinger wins face-off versus Robert Thomas in St.Louis Blues zone.
0:18 of 1st period - Snap shot by Cole Sillinger.
0:18 of 1st period - Shot Blocked by Brandon Hagel.
0:24 of 1st period - Snap shot by Brayden Point.
0:24 of 1st period - Stopped by Alexandar Georgiev with a rebound.
0:26 of 1st period - Wrist shot by Robert Thomas.
0:26 of 1st period - Shot Blocked by Urho Vaakanainen.
0:28 of 1st period - Slapshot by Jake Sanderson.
0:28 of 1st period - Deflect By Robert Thomas.
0:28 of 1st period - Stopped by Alexandar Georgiev with a rebound.
0:30 of 1st period - Snap shot by Robert Thomas.
0:30 of 1st period - Stopped by Alexandar Georgiev without a rebound.
0:31 of 1st period - Barrett Hayton wins face-off versus Elias Lindholm in Chicago Black Hawks zone.
0:52 of 1st period - Jon Merrill is hit by Mikhail Sergachev and loses puck.
1:43 of 1st period - Brayden Point is hit by Vincent Desharnais and loses puck.
1:50 of 1st period - Slapshot by Tyson Foerster.
1:50 of 1st period - Shot Blocked by Mikhail Sergachev.
1:52 of 1st period - Slapshot by Dante Fabbro.
1:52 of 1st period - Shot Misses the Net.
2:02 of 1st period - Snap shot by Dakota Joshua.
2:02 of 1st period - Stopped by Alexandar Georgiev with a rebound.
2:08 of 1st period - Wrist shot by Barrett Hayton.
2:08 of 1st period - Shot Misses the Net.
2:45 of 1st period - Wrist shot by Sidney Crosby.
2:45 of 1st period - Shot Blocked by Alex Pietrangelo.
2:47 of 1st period - Wrist shot by Sidney Crosby.
2:47 of 1st period - Stopped by Connor Hellebuyck without a rebound.
2:48 of 1st period - Cole Sillinger wins face-off versus Elias Lindholm in St.Louis Blues zone.
3:14 of 1st period - Dante Fabbro is hit by Colton Parayko and loses puck.
3:34 of 1st period - Off-side.
3:35 of 1st period - Lars Eller wins face-off versus Josh Doan in neutral zone.
4:00 of 1st period - Colton Parayko is hit by Cole Sillinger and loses puck.
4:13 of 1st period - Snap shot by Joseph Veleno.
4:13 of 1st period - Stopped by Connor Hellebuyck with a rebound.
4:35 of 1st period - Slapshot by Dmitri Voronkov.
4:35 of 1st period - Shot Blocked by Colton Parayko.
5:02 of 1st period - Icing by Dante Fabbro.
5:03 of 1st period - Barrett Hayton wins face-off versus Elias Lindholm in Chicago Black Hawks zone.
6:08 of 1st period - Off-side.
6:09 of 1st period - Cole Sillinger wins face-off versus Jake Guentzel in neutral zone.
6:42 of 1st period - Wrist shot by Lucas Raymond.
6:42 of 1st period - Deflect By Sidney Crosby.
6:42 of 1st period - Shot Misses the Net.
6:42 of 1st period - Puck is out of play.
6:43 of 1st period - Elias Lindholm wins face-off versus Cole Sillinger in St.Louis Blues zone.
7:34 of 1st period - Wrist shot by Dmitri Voronkov.
7:34 of 1st period - Stopped by Connor Hellebuyck without a rebound.
7:35 of 1st period - Robert Thomas wins face-off versus Cole Sillinger in St.Louis Blues zone.
7:35 of 1st period - Robert Thomas is hit by Joseph Veleno.
7:51 of 1st period - Snap shot by Cole Sillinger.
7:51 of 1st period - Stopped by Connor Hellebuyck with a rebound.
8:05 of 1st period - Off-side.
8:06 of 1st period - Sidney Crosby wins face-off versus Jack Eichel in neutral zone.
8:09 of 1st period - Snap shot by Sidney Crosby.
8:09 of 1st period - Deflect By Jaccob Slavin.
8:09 of 1st period - Shot Blocked by Jake Sanderson.
8:09 of 1st period - Puck is out of play.
8:10 of 1st period - Jack Eichel wins face-off versus Sidney Crosby in St.Louis Blues zone.
9:08 of 1st period - Logan O'Connor is hit by Cole Sillinger and loses puck.
9:21 of 1st period - Snap shot by Jack Eichel.
9:21 of 1st period - Stopped by Alexandar Georgiev with a rebound.
9:23 of 1st period - Snap shot by Elias Pettersson.
9:23 of 1st period - Stopped by Alexandar Georgiev without a rebound.
9:24 of 1st period - Jack Eichel wins face-off versus Jack Drury in Chicago Black Hawks zone.
9:27 of 1st period - Wrist shot by Jake Guentzel.
9:27 of 1st period - Shot Blocked by Robert Bortuzzo.
9:55 of 1st period - Urho Vaakanainen is hit by Brandon Hagel and loses puck.
10:19 of 1st period - Urho Vaakanainen is hit by Lars Eller and loses puck.
10:42 of 1st period - Wrist shot by Mark Stone.
10:42 of 1st period - Stopped by Alexandar Georgiev without a rebound.
10:43 of 1st period - Elias Lindholm wins face-off versus Tyson Foerster in Chicago Black Hawks zone.
10:52 of 1st period - Snap shot by Elias Lindholm.
10:52 of 1st period - Deflect By Tyson Foerster.
10:52 of 1st period - Shot Blocked by Tyson Foerster.
10:52 of 1st period - Puck is out of play.
10:53 of 1st period - Cole Sillinger wins face-off versus Jack Eichel in Chicago Black Hawks zone.
11:22 of 1st period - Wrist shot by Jack Eichel.
11:22 of 1st period - Stopped by Alexandar Georgiev with a rebound.
11:24 of 1st period - Snap shot by Brayden Point.
11:24 of 1st period - Shot Misses the Net.
11:26 of 1st period - Snap shot by Brandon Hagel.
11:26 of 1st period - Shot Misses the Net.
11:28 of 1st period - Slapshot by Alex Pietrangelo.
11:28 of 1st period - Stopped by Alexandar Georgiev with a rebound.
11:30 of 1st period - Snap shot by Brayden Point.
11:30 of 1st period - Stopped by Alexandar Georgiev with a rebound.
11:32 of 1st period - Slapshot by Colton Parayko.
11:32 of 1st period - Stopped by Alexandar Georgiev with a rebound.
11:38 of 1st period - Minor Penalty to Claude Giroux for Holding.
11:39 of 1st period - Robert Thomas wins face-off versus Sidney Crosby in Chicago Black Hawks zone.
11:56 of 1st period - Snap shot by Jake Guentzel.
11:56 of 1st period - Stopped by Alexandar Georgiev with a rebound.
12:29 of 1st period - Wrist shot by Brayden Point.
12:29 of 1st period - Stopped by Alexandar Georgiev without a rebound.
12:30 of 1st period - Sidney Crosby wins face-off versus Elias Lindholm in Chicago Black Hawks zone.
12:41 of 1st period - Robert Bortuzzo is hit by Elias Lindholm and loses puck.
13:38 of 1st period - Penalty to Claude Giroux is over, Claude Giroux is back on ice.
13:51 of 1st period - Backhand shot by Logan O'Connor.
13:51 of 1st period - Goal by Logan O'Connor - St.Louis Blues : 1 - Chicago Black Hawks : 0.
13:52 of 1st period - Cole Sillinger wins face-off versus Jack Eichel in neutral zone.
13:55 of 1st period - Snap shot by Joseph Veleno.
13:55 of 1st period - Stopped by Connor Hellebuyck with a rebound.
13:57 of 1st period - Snap shot by Tyson Foerster.
13:57 of 1st period - Stopped by Connor Hellebuyck without a rebound.
13:58 of 1st period - Cole Sillinger wins face-off versus Jack Eichel in St.Louis Blues zone.
14:48 of 1st period - Snap shot by Dmitri Voronkov.
14:48 of 1st period - Deflect By Noah Cates.
14:48 of 1st period - Stopped by Connor Hellebuyck without a rebound.
14:49 of 1st period - Jack Drury wins face-off versus Jake Guentzel in St.Louis Blues zone.
15:24 of 1st period - Wrist shot by Tyson Foerster.
15:24 of 1st period - Stopped by Connor Hellebuyck without a rebound.
15:25 of 1st period - Cole Sillinger wins face-off versus Brayden Point in St.Louis Blues zone.
15:54 of 1st period - Jake Guentzel is hit by Lucas Raymond and loses puck.
16:13 of 1st period - Dante Fabbro is hit by Dakota Joshua and loses puck.
16:32 of 1st period - Wrist shot by Sidney Crosby.
16:32 of 1st period - Deflect By Claude Giroux.
16:32 of 1st period - Shot Misses the Net.
16:32 of 1st period - Puck is out of play.
16:33 of 1st period - Cole Sillinger wins face-off versus Jack Eichel in St.Louis Blues zone.
17:21 of 1st period - Wrist shot by Robert Thomas.
17:21 of 1st period - Stopped by Alexandar Georgiev with a rebound.
17:23 of 1st period - Snap shot by Brayden Point.
17:23 of 1st period - Shot Misses the Net.
17:25 of 1st period - Snap shot by Brandon Hagel.
17:25 of 1st period - Shot Misses the Net.
18:11 of 1st period - Colton Parayko is hit by Claude Giroux and loses puck.
18:31 of 1st period - Off-side.
18:32 of 1st period - Barrett Hayton wins face-off versus Robert Thomas in neutral zone.
18:43 of 1st period - Slapshot by Barrett Hayton.
18:43 of 1st period - Shot Misses the Net.
18:45 of 1st period - Wrist shot by Josh Doan.
18:45 of 1st period - Shot Misses the Net.
19:08 of 1st period - Snap shot by Cole Sillinger.
19:08 of 1st period - Shot Misses the Net.
19:13 of 1st period - Off-side.
19:14 of 1st period - Jack Eichel wins face-off versus Sidney Crosby in neutral zone.
Goals for this period are 1 for St.Louis Blues vs 0 for Chicago Black Hawks.
Shots for this period are 15 for St.Louis Blues vs 9 for Chicago Black Hawks.
2nd period
0:01 of 2nd period - Sidney Crosby wins face-off versus Jack Eichel in neutral zone.
0:09 of 2nd period - Minor Penalty to Jake Sanderson for Hooking.
0:10 of 2nd period - Lars Eller wins face-off versus Sidney Crosby in St.Louis Blues zone.
0:16 of 2nd period - Snap shot by Lars Eller.
0:16 of 2nd period - Stopped by Alexandar Georgiev without a rebound.
0:17 of 2nd period - Lars Eller wins face-off versus Sidney Crosby in Chicago Black Hawks zone.
0:22 of 2nd period - Slapshot by Logan O'Connor.
0:22 of 2nd period - Shot Blocked by Claude Giroux.
0:54 of 2nd period - Slapshot by Lucas Raymond.
0:54 of 2nd period - Stopped by Connor Hellebuyck without a rebound.
0:55 of 2nd period - Elias Lindholm wins face-off versus Cole Sillinger in St.Louis Blues zone.
1:02 of 2nd period - Wrist shot by Elias Lindholm.
1:02 of 2nd period - Shot Misses the Net.
2:09 of 2nd period - Penalty to Jake Sanderson is over, Jake Sanderson is back on ice.
2:14 of 2nd period - Snap shot by Josh Doan.
2:14 of 2nd period - Shot Blocked by Jaccob Slavin.
2:24 of 2nd period - Snap shot by Barrett Hayton.
2:24 of 2nd period - Shot Blocked by Jake Sanderson.
2:36 of 2nd period - Nick Leddy is hit by Caleb Jones and loses puck.
2:59 of 2nd period - Snap shot by Jake Sanderson.
2:59 of 2nd period - Deflect By Alex Tuch.
2:59 of 2nd period - Stopped by Alexandar Georgiev without a rebound.
3:00 of 2nd period - Jack Eichel wins face-off versus Barrett Hayton in Chicago Black Hawks zone.
3:07 of 2nd period - Wrist shot by Josh Doan.
3:07 of 2nd period - Shot Misses the Net.
3:09 of 2nd period - Wrist shot by Josh Doan.
3:09 of 2nd period - Deflect By Barrett Hayton.
3:09 of 2nd period - Shot Misses the Net.
3:09 of 2nd period - Puck is out of play.
3:10 of 2nd period - Jack Eichel wins face-off versus Barrett Hayton in St.Louis Blues zone.
3:15 of 2nd period - Urho Vaakanainen is hit by Jack Eichel.
3:21 of 2nd period - Wrist shot by Elias Pettersson.
3:21 of 2nd period - Shot Misses the Net.
3:43 of 2nd period - Wrist shot by Josh Doan.
3:43 of 2nd period - Shot Blocked by Alex Pietrangelo.
3:45 of 2nd period - Slapshot by Urho Vaakanainen.
3:45 of 2nd period - Stopped by Connor Hellebuyck without a rebound.
3:46 of 2nd period - Cole Sillinger wins face-off versus Robert Thomas in St.Louis Blues zone.
3:54 of 2nd period - Icing by Brayden Point.
3:55 of 2nd period - Cole Sillinger wins face-off versus Robert Thomas in St.Louis Blues zone.
4:00 of 2nd period - Wrist shot by Cole Sillinger.
4:00 of 2nd period - Stopped by Connor Hellebuyck without a rebound.
4:01 of 2nd period - Claude Giroux wins face-off versus Jack Eichel in St.Louis Blues zone.
4:12 of 2nd period - Snap shot by Lucas Raymond.
4:12 of 2nd period - Shot Misses the Net.
4:42 of 2nd period - Snap shot by Alex Tuch.
4:42 of 2nd period - Shot Misses the Net.
4:58 of 2nd period - Wrist shot by Josh Doan.
4:58 of 2nd period - Stopped by Connor Hellebuyck without a rebound.
4:59 of 2nd period - Jack Eichel wins face-off versus Barrett Hayton in St.Louis Blues zone.
5:15 of 2nd period - Snap shot by Jake Guentzel.
5:15 of 2nd period - Stopped by Alexandar Georgiev with a rebound.
5:25 of 2nd period - Elias Lindholm is hit by Claude Giroux and loses puck.
6:17 of 2nd period - Wrist shot by Elias Pettersson.
6:17 of 2nd period - Stopped by Alexandar Georgiev with a rebound.
6:35 of 2nd period - Wrist shot by Barrett Hayton.
6:35 of 2nd period - Shot Blocked by Colton Parayko.
6:37 of 2nd period - Slapshot by Dante Fabbro.
6:37 of 2nd period - Stopped by Connor Hellebuyck with a rebound.
7:40 of 2nd period - Wrist shot by Jack Drury.
7:40 of 2nd period - Stopped by Connor Hellebuyck without a rebound.
7:41 of 2nd period - Sidney Crosby wins face-off versus Jake Guentzel in St.Louis Blues zone.
7:50 of 2nd period - Snap shot by Sidney Crosby.
7:50 of 2nd period - Stopped by Connor Hellebuyck with a rebound.
8:35 of 2nd period - Wrist shot by Jack Eichel.
8:35 of 2nd period - Stopped by Alexandar Georgiev without a rebound.
8:36 of 2nd period - Cole Sillinger wins face-off versus Brandon Hagel in Chicago Black Hawks zone.
8:54 of 2nd period - Icing by Nick Leddy.
8:55 of 2nd period - Robert Thomas wins face-off versus Josh Doan in St.Louis Blues zone.
8:55 of 2nd period - Robert Thomas is hit by Urho Vaakanainen.
9:23 of 2nd period - Snap shot by Robert Thomas.
9:23 of 2nd period - Shot Misses the Net.
9:55 of 2nd period - Snap shot by Robert Thomas.
9:55 of 2nd period - Stopped by Alexandar Georgiev without a rebound.
9:56 of 2nd period - Sidney Crosby wins face-off versus Jack Eichel in Chicago Black Hawks zone.
10:19 of 2nd period - Jake Guentzel is hit by Dante Fabbro and loses puck.
10:35 of 2nd period - Sidney Crosby is hit by Jack Eichel and loses puck.
12:14 of 2nd period - Off-side.
12:15 of 2nd period - Joseph Veleno wins face-off versus Elias Lindholm in neutral zone.
12:28 of 2nd period - Wrist shot by Alex Tuch.
12:28 of 2nd period - Deflect By Tyson Foerster.
12:28 of 2nd period - Shot Misses the Net.
12:28 of 2nd period - Puck is out of play.
12:29 of 2nd period - Elias Lindholm wins face-off versus Barrett Hayton in Chicago Black Hawks zone.
12:34 of 2nd period - Snap shot by Elias Lindholm.
12:34 of 2nd period - Stopped by Alexandar Georgiev without a rebound.
12:35 of 2nd period - Elias Lindholm wins face-off versus Barrett Hayton in Chicago Black Hawks zone.
12:40 of 2nd period - Wrist shot by Mark Stone.
12:40 of 2nd period - Stopped by Alexandar Georgiev with a rebound.
12:50 of 2nd period - Slapshot by Mark Stone.
12:50 of 2nd period - Shot Blocked by Brett Howden.
12:52 of 2nd period - Wrist shot by Alex Tuch.
12:52 of 2nd period - Stopped by Alexandar Georgiev with a rebound.
14:03 of 2nd period - Icing by Barrett Hayton.
14:04 of 2nd period - Robert Thomas wins face-off versus Barrett Hayton in Chicago Black Hawks zone.
14:15 of 2nd period - Wrist shot by Josh Doan.
14:15 of 2nd period - Stopped by Connor Hellebuyck without a rebound.
14:16 of 2nd period - Tyson Foerster wins face-off versus Alex Tuch in St.Louis Blues zone.
14:55 of 2nd period - Slapshot by Jack Drury.
14:55 of 2nd period - Shot Misses the Net.
15:05 of 2nd period - Wrist shot by Sidney Crosby.
15:05 of 2nd period - Shot Misses the Net.
15:07 of 2nd period - Snap shot by Sidney Crosby.
15:07 of 2nd period - Stopped by Connor Hellebuyck without a rebound.
15:08 of 2nd period - Sidney Crosby wins face-off versus Jack Eichel in St.Louis Blues zone.
15:46 of 2nd period - Wrist shot by Elias Lindholm.
15:46 of 2nd period - Stopped by Alexandar Georgiev with a rebound.
16:00 of 2nd period - Slapshot by Barrett Hayton.
16:00 of 2nd period - Stopped by Connor Hellebuyck with a rebound.
16:16 of 2nd period - Slapshot by Jack Drury.
16:16 of 2nd period - Stopped by Connor Hellebuyck with a rebound.
16:18 of 2nd period - Slapshot by Dante Fabbro.
16:18 of 2nd period - Deflect By Lars Eller.
16:18 of 2nd period - Stopped by Connor Hellebuyck with a rebound.
16:20 of 2nd period - Slapshot by Urho Vaakanainen.
16:20 of 2nd period - Stopped by Connor Hellebuyck without a rebound.
16:21 of 2nd period - Jack Eichel wins face-off versus Jack Drury in St.Louis Blues zone.
17:29 of 2nd period - Brandon Hagel is hit by Cole Sillinger.
17:39 of 2nd period - Slapshot by Barrett Hayton.
17:39 of 2nd period - Shot Misses the Net.
18:01 of 2nd period - Snap shot by Colton Parayko.
18:01 of 2nd period - Shot Misses the Net.
18:03 of 2nd period - Slapshot by Colton Parayko.
18:03 of 2nd period - Shot Misses the Net.
18:05 of 2nd period - Slapshot by Dakota Joshua.
18:05 of 2nd period - Shot Misses the Net.
18:07 of 2nd period - Wrist shot by Logan O'Connor.
18:07 of 2nd period - Stopped by Alexandar Georgiev with a rebound.
19:53 of 2nd period - Icing by Vincent Desharnais.
19:54 of 2nd period - Barrett Hayton wins face-off versus Robert Thomas in Chicago Black Hawks zone.
Goals for this period are 0 for St.Louis Blues vs 0 for Chicago Black Hawks.
Shots for this period are 11 for St.Louis Blues vs 13 for Chicago Black Hawks.
3rd period
0:01 of 3rd period - Cole Sillinger wins face-off versus Jack Eichel in neutral zone.
1:37 of 3rd period - Wrist shot by Joseph Veleno.
1:37 of 3rd period - Shot Misses the Net.
1:39 of 3rd period - Wrist shot by Cole Sillinger.
1:39 of 3rd period - Shot Blocked by Colton Parayko.
1:41 of 3rd period - Wrist shot by Joseph Veleno.
1:41 of 3rd period - Shot Misses the Net.
1:50 of 3rd period - Off-side.
1:51 of 3rd period - Robert Thomas wins face-off versus Sidney Crosby in neutral zone.
1:54 of 3rd period - Dante Fabbro is hit by Brandon Hagel and loses puck.
2:01 of 3rd period - Wrist shot by Brayden Point.
2:01 of 3rd period - Deflect By Robert Thomas.
2:01 of 3rd period - Shot Misses the Net.
2:01 of 3rd period - Puck is out of play.
2:02 of 3rd period - Tyson Foerster wins face-off versus Jack Eichel in Chicago Black Hawks zone.
2:02 of 3rd period - Tyson Foerster is hit by Elias Pettersson.
2:16 of 3rd period - Snap shot by Cole Sillinger.
2:16 of 3rd period - Stopped by Connor Hellebuyck with a rebound.
2:18 of 3rd period - Slapshot by Vincent Desharnais.
2:18 of 3rd period - Deflect By Jack Eichel.
2:18 of 3rd period - Stopped by Connor Hellebuyck with a rebound.
2:24 of 3rd period - Minor Penalty to Jake Sanderson for Interference.
2:25 of 3rd period - Elias Lindholm wins face-off versus Cole Sillinger in St.Louis Blues zone.
3:10 of 3rd period - Dante Fabbro is hit by Elias Lindholm and loses puck.
4:24 of 3rd period - Penalty to Jake Sanderson is over, Jake Sanderson is back on ice.
4:28 of 3rd period - Off-side.
4:29 of 3rd period - Jack Eichel wins face-off versus Barrett Hayton in neutral zone.
4:42 of 3rd period - Slapshot by Jake Guentzel.
4:42 of 3rd period - Shot Misses the Net.
4:50 of 3rd period - Jake Guentzel is hit by Barrett Hayton and loses puck.
4:59 of 3rd period - Slapshot by Brett Howden.
4:59 of 3rd period - Stopped by Connor Hellebuyck with a rebound.
5:07 of 3rd period - Snap shot by Jack Eichel.
5:07 of 3rd period - Stopped by Alexandar Georgiev without a rebound.
5:08 of 3rd period - Cole Sillinger wins face-off versus Robert Thomas in Chicago Black Hawks zone.
5:44 of 3rd period - Wrist shot by Logan O'Connor.
5:44 of 3rd period - Stopped by Alexandar Georgiev without a rebound.
5:45 of 3rd period - Sidney Crosby wins face-off versus Jack Eichel in Chicago Black Hawks zone.
6:11 of 3rd period - Robert Thomas is hit by Joseph Veleno and loses puck.
6:56 of 3rd period - Snap shot by Lars Eller.
6:56 of 3rd period - Stopped by Alexandar Georgiev with a rebound.
6:58 of 3rd period - Backhand shot by Colton Parayko.
6:58 of 3rd period - Stopped by Alexandar Georgiev with a rebound.
7:00 of 3rd period - Slapshot by Colton Parayko.
7:00 of 3rd period - Deflect By Noah Cates.
7:00 of 3rd period - Stopped by Alexandar Georgiev with a rebound.
7:02 of 3rd period - Slapshot by Colton Parayko.
7:02 of 3rd period - Shot Blocked by Jon Merrill.
7:04 of 3rd period - Slapshot by Lars Eller.
7:04 of 3rd period - Stopped by Alexandar Georgiev without a rebound.
7:05 of 3rd period - Joseph Veleno wins face-off versus Jack Eichel in Chicago Black Hawks zone.
7:26 of 3rd period - Jake Guentzel is hit by Tyson Foerster and loses puck.
7:39 of 3rd period - Slapshot by Brayden Point.
7:39 of 3rd period - Shot Misses the Net.
7:57 of 3rd period - Major / Game Misconduct Penalty to Vincent Desharnais for Attempt to injure.
7:57 of 3rd period - Vincent Desharnais is ejected from game.
7:58 of 3rd period - Robert Thomas wins face-off versus Lucas Raymond in Chicago Black Hawks zone.
10:06 of 3rd period - Robert Bortuzzo is hit by Dakota Joshua and loses puck.
10:11 of 3rd period - Snap shot by Jack Eichel.
10:11 of 3rd period - Deflect By Brett Howden.
10:11 of 3rd period - Goal by Jack Eichel - St.Louis Blues : 2 - Chicago Black Hawks : 0.
10:12 of 3rd period - Sidney Crosby wins face-off versus Robert Thomas in neutral zone.
10:17 of 3rd period - Minor Penalty to Brayden Point for Holding.
10:18 of 3rd period - Sidney Crosby wins face-off versus Jack Eichel in St.Louis Blues zone.
10:44 of 3rd period - Dante Fabbro is hit by Brandon Hagel and loses puck.
10:51 of 3rd period - Wrist shot by Brandon Hagel.
10:51 of 3rd period - Shot Blocked by Caleb Jones.
12:17 of 3rd period - Penalty to Brayden Point is over, Brayden Point is back on ice.
12:20 of 3rd period - Slapshot by Jack Drury.
12:20 of 3rd period - Shot Blocked by Mikhail Sergachev.
12:32 of 3rd period - Snap shot by Elias Pettersson.
12:32 of 3rd period - Stopped by Alexandar Georgiev without a rebound.
12:33 of 3rd period - Sidney Crosby wins face-off versus Brandon Hagel in Chicago Black Hawks zone.
12:42 of 3rd period - Backhand shot by Elias Pettersson.
12:42 of 3rd period - Goal by Elias Pettersson - St.Louis Blues : 3 - Chicago Black Hawks : 0.
12:43 of 3rd period - Robert Thomas wins face-off versus Lucas Raymond in neutral zone.
12:57 of 3rd period - Penalty to Vincent Desharnais is over, Josh Doan is send on ice.
13:14 of 3rd period - Snap shot by Lars Eller.
13:14 of 3rd period - Stopped by Alexandar Georgiev with a rebound.
13:16 of 3rd period - Slapshot by Colton Parayko.
13:16 of 3rd period - Shot Misses the Net.
14:17 of 3rd period - Off-side.
14:18 of 3rd period - Jack Eichel wins face-off versus Cole Sillinger in neutral zone.
14:21 of 3rd period - Joseph Veleno is hit by Elias Pettersson and loses puck.
14:44 of 3rd period - Claude Giroux is hit by Jake Sanderson and loses puck.
15:15 of 3rd period - Wrist shot by Barrett Hayton.
15:15 of 3rd period - Stopped by Connor Hellebuyck with a rebound.
15:17 of 3rd period - Slapshot by Dante Fabbro.
15:17 of 3rd period - Shot Misses the Net.
15:19 of 3rd period - Slapshot by Brett Howden.
15:19 of 3rd period - Goal by Brett Howden - St.Louis Blues : 3 - Chicago Black Hawks : 1.
15:20 of 3rd period - Elias Lindholm wins face-off versus Barrett Hayton in neutral zone.
15:23 of 3rd period - Robert Bortuzzo is hit by Elias Lindholm and loses puck.
15:51 of 3rd period - Robert Thomas is hit by Josh Doan and loses puck.
16:14 of 3rd period - Snap shot by Barrett Hayton.
16:14 of 3rd period - Shot Misses the Net.
17:24 of 3rd period - Slapshot by Brandon Hagel.
17:24 of 3rd period - Stopped by Alexandar Georgiev without a rebound.
17:25 of 3rd period - Elias Pettersson wins face-off versus Sidney Crosby in Chicago Black Hawks zone.
18:19 of 3rd period - Mikhail Sergachev is hit by Barrett Hayton and loses puck.
19:21 of 3rd period - Mikhail Sergachev is hit by Josh Doan and loses puck.
19:32 of 3rd period - Urho Vaakanainen is hit by Jack Eichel and loses puck.
Goals for this period are 2 for St.Louis Blues vs 1 for Chicago Black Hawks.
Shots for this period are 11 for St.Louis Blues vs 5 for Chicago Black Hawks.
Back to the Top